 Dungeon Crawl Stone Soup version 0.30-a0-743-gbfdf073431 (webtiles) character file.

Game seed: 4724230023286266799

24 theblackgale the Caller (level 2, 0/20 HPs)
             Began as a Draconian Summoner on Feb 7, 2023.
             Slain by an orc
             ... wielding a +0 whip
              (3 damage)
             ... on level 3 of the Dungeon.
             The game lasted 00:05:27 (589 turns).

theblackgale the Caller (Draconian Summoner)         Turns: 589, Time: 00:05:27

Health: 0/20       AC:  4    Str: 10    XL:     2   Next: 79%
Magic:  4/5        EV: 12    Int: 15    God:
Gold:   9          SH:  0    Dex: 11    Spells: 4/5 levels left

rFire   . . .      SeeInvis .    c - +0 spear
rCold   . . .      Faith    .    (no shield)
rNeg    . . .      Spirit   .    (body armour unavailable)
rPois   .          Reflect  .    (helmet restricted)
rElec   .          Harm     .    (no cloak)
rCorr   .          Rampage  .    (no gloves)
Will    .....                    (no boots)
Stlth   ++                       (no amulet)
HPRegen 0.23/turn                (no ring)
MPRegen 0.09/turn                (no ring)

@: no status effects
A: AC +4, unfitting armour, cold-blooded
a: no special abilities


You were on level 3 of the Dungeon.
You visited 1 branch of the dungeon, and saw 3 of its levels.

You collected 9 gold pieces.

Inventory:

Hand Weapons
 c - a +0 spear (weapon)
Armour
 e - a +0 leather armour
Scrolls
 b - 2 scrolls of identify
Potions
 a - a potion of magic
 d - a potion of haste


   Skills:
 + Level 0.3 Polearms
 + Level 2.0 Dodging
 + Level 1.7 Stealth
 + Level 2.1 Spellcasting
 + Level 4.6 Summonings


You had 4 spell levels left.
You knew the following spells:

 Your Spells              Type           Power      Damage    Failure   Level
a - Summon Small Mammal   Summ           60%        N/A       3%          1

Your spell library contained the following spells:

 Spells                   Type           Power      Damage    Failure   Level
 Call Imp                 Summ           15%        N/A       4%          2
 Call Canine Familiar     Summ           15%        N/A       10%         3
 Summon Guardian Golem    Hex/Summ       8%         N/A       26%         3
 Summon Lightning Spire   Summ/Air       8%         N/A       63%         4


Dungeon Overview and Level Annotations

Branches:
Dungeon (3/15)

Altars:


Innate Abilities, Weirdness & Mutations

Your plain brown scales are hard. (AC +4)
You cannot fit into any form of body armour.
You are cold-blooded and may be slowed by cold attacks.


Message History

Your rat completely misses the adder.
The ball python closely misses you. The ball python grabs you.
The ball python constricts you. The adder barely misses you.
You hit the adder but do no damage.
The adder is severely wounded.
You feel sick.
Your bat hits the hobgoblin. The ball python barely misses you.
The ball python constricts you. The hobgoblin barely misses you.
Your rat bites the adder.
The adder bites you but does no damage.
Your bat hits the hobgoblin but does no damage.
You miss the adder.
The adder is severely wounded.
You feel sick.
Your bat hits the hobgoblin but does no damage.
The ball python bites you but does no damage.
The ball python constricts you. The adder bites you.
* * * LOW HITPOINT WARNING * * *
Your rat misses the adder.
Your bat hits the hobgoblin but does no damage.
The ball python barely misses you. The ball python constricts you.
The adder bites you but does no damage.
You barely miss the adder.
The adder is severely wounded.
You feel sick.
You are no longer poisoned.
Your rat barely misses the adder.
The orc closely misses you.
Your bat barely misses the hobgoblin.
The adder bites you but does no damage. The ball python bites you.
* * * LOW HITPOINT WARNING * * *
The ball python constricts you.
You escape the ball python's grasp.
The ball python attacks as you move away!
The ball python closely misses you. The ball python barely misses you.
The adder attacks as you move away! The adder bites you.
* * * LOW HITPOINT WARNING * * *
The hobgoblin closely misses your bat.
Your bat closely misses the hobgoblin.
The ball python attacks as you move away!
The ball python bites you.
* * * LOW HITPOINT WARNING * * *
The orc attacks as you move away! The orc hits you with a +0 whip.
You die...

##########....
######..........###
####......##########
.....##.####
####.......#
####.##.....
##########>## ####
............#
.......S@.#..#
(......oS.##....
........r.# ####.
......b......
......g...####
..........#
......$...#
.(.###.#### #.. #.


You could see an adder (ally target), an orc, a hobgoblin (distracted, ally
target), a ball python, a friendly bat (summoned) and a friendly rat (summoned).

Vanquished Creatures
  4 ball pythons
  An endoplasm (D:2)
  2 giant cockroaches (D:1)
  A goblin (D:1)
  A hobgoblin (D:1)
  2 kobolds (D:1)
  A quokka (D:1)
12 creatures vanquished.

Vanquished Creatures (collateral kills)
  A dart slug (D:1)
  A ball python (D:1)
  A goblin (D:1)
  A hobgoblin (D:2)
  A kobold (D:1)
  A rat (D:2)
6 creatures vanquished.

Grand Total: 18 creatures vanquished

Notes
Turn   | Place    | Note
-------+----------+-------------------------------------------
     0 | D:1      | theblackgale the Draconian Summoner began the quest for the
                  | Orb.
     0 | D:1      | Reached XP level 1. HP: 14/14 MP: 3/3
   148 | D:1      | Reached XP level 2. HP: 8/20 MP: 5/5
   266 | D:1      | HP: 1/20 [quokka (1)]
   268 | D:1      | You fall into a shaft and drop 1 floor!
   589 | D:3      | Slain by an orc

Illustrated notes

Levels and vault maps discovered:
D:1:      eino_arrival_cavern_b, layout_basic, nrook_loot_triangle,
          minmay_bisected
D:2:      layout_loops_cross, kennysheep_generic_room_7
D:3:      layout_rooms, gammafunk_temple_overflow_pools,
          dreamdust_ecumenical_altar_grove, grunt_ministairs_2

Skill      XL: |  1 |
---------------+----+-----
Dodging        | 2 |  2.0
Polearms       | |  0.3
Stealth        | |  1.7
Spellcasting   | |  2.1
Summonings     | |  4.6

Action                     || total
---------------------------++-------
  Melee: Unarmed           ||    50
         Tailslap          ||     8
         Spear             ||    27
  Throw: Dart              ||     2
   Cast: Summon Small Mamm ||    21
    Use: Scroll            ||     1
         Potion            ||     1
 Armour: Skin              ||    34
  Dodge: Dodged            ||   101

Table legend: (Time is in decaauts)
 A = Elapsed time spent in this place.
 B = Non-inter-level travel time spent in this place.
 C = Inter-level travel time spent in this place.
 D = Time resting spent in this place.
 E = Time spent auto-exploring this place.
 F = Levels seen in this place.
 G = Mean time per level.
                   A        B        C        D        E       F      G
               +--------+--------+--------+--------+--------+-----+--------+
         Total |    574 |    306 |    268 |    118 |      0 |   3 |  191.3 |
       Dungeon |    574 |    306 |    268 |    118 |      0 |   3 |  191.3 |
               +--------+--------+--------+--------+--------+-----+--------+

Top non-repeatable levels by time:
     D:2: 256 daAuts
     D:1: 252 daAuts
     D:3: 65 daAuts
